 Dungeon Crawl Stone Soup version 0.29-a0-323-g050149af67 (webtiles) character file.

Game seed: 3474783482868582892

9751 zazu2006 the Covert (level 11, 0/91 HPs)
             Began as a Naga Hedge Wizard on Apr 10, 2022.
             Was a Believer of Vehumet.
             Slain by a vampire mosquito (8 damage)
             ... on level 10 of the Dungeon.
             The game lasted 00:35:34 (12144 turns).

zazu2006 the Covert (Naga Hedge Wizard)            Turns: 12144, Time: 00:35:35

Health: 0/91       AC: 12    Str: 21    XL:     11   Next: 51%
Magic:  24/24      EV:  8    Int: 23    God:    Vehumet [**....]
Gold:   983        SH:  0    Dex: 10    Spells: 15/28 levels left

rFire   . . .      SeeInvis +   O - +2 falchion
rCold   . . .      Faith    .   (no shield)
rNeg    . . .      Spirit   .   b - +0 steam dragon scales
rPois   +          Reflect  .   c - +0 hat
rElec   .          Harm     .   (no cloak)
rCorr   .          Rampage  .   y - +0 pair of gloves
Will    +....                   Q - +1 barding {Fly}
Stlth   ++++......              i - amulet of magic regeneration
HPRegen 0.25/turn               m - +6 ring of strength
MPRegen 0.59/turn               n - +6 ring of intelligence

@: flying, very slow
A: AC +3, large, see invisible, deformed body, poison resistance, slowness 2,
spit poison 1, naga tail 1
a: Spit Poison, Renounce Religion


You were on level 10 of the Dungeon.
You worshipped Vehumet.
Vehumet was pleased with you.
You visited 2 branches of the dungeon, and saw 11 of its levels.
You also visited: Bailey.

You collected 983 gold pieces.

Inventory:

Hand Weapons
 w - the +5 hand axe of Doom {vorpal, rCorr Int+4}
   (You found it on level 8 of the Dungeon)

   It inflicts extra damage upon your enemies.
   Int:       It affects your intelligence (+4).
   rCorr:     It protects you from acid and corrosion.
 L - the +2 fustibalus "Danlail" {flame, Will+ Dex+2}
   (You found it on level 6 of the Dungeon)

   Any ammunition fired from it burns those it strikes, dealing additional fire
   damage.
   Dex:       It affects your dexterity (+2).
   Will:      It increases your willpower.
 O - a +2 falchion (weapon)
Missiles
 C - 26 poisoned darts
Armour
 b - +0 steam dragon scales (worn)
 c - a +0 hat (worn)
 y - a +0 pair of gloves (worn)
 P - a +2 scale mail of cold resistance
 Q - a +1 barding of flying (worn)
 V - +0 acid dragon scales
Magical Staves
 D - a staff of fire
Jewellery
 i - an amulet of magic regeneration (around neck)
 m - a +6 ring of strength (left hand)
 n - a +6 ring of intelligence (right hand)
 r - a ring of fire
 F - a ring of flight
 N - a ring of resist corrosion
 S - a ring of resist corrosion
Wands
 j - a wand of paralysis (18)
 H - a wand of iceblast (18)
Scrolls
 e - a scroll of summoning
 g - a scroll of holy word {unknown}
 h - 4 scrolls of teleportation
 k - a scroll of enchant armour {unknown}
 l - 3 scrolls of noise
 o - 2 scrolls of amnesia
 p - 2 scrolls of fear
 q - 2 scrolls of enchant weapon
 x - 2 scrolls of blinking
 M - 2 scrolls of brand weapon
 R - 2 scrolls of magic mapping
 U - a scroll of fog {unknown}
Potions
 a - a potion of cancellation {unknown}
 d - a potion of magic
 s - a potion of haste
 t - a potion of mutation {unknown}
 u - 2 potions of lignification {unknown}
 v - a potion of berserk rage {unknown}
 z - 2 potions of attraction {unknown}
 A - a potion of brilliance {unknown}
 E - 2 potions of curing
 G - 7 potions of flight
 I - a potion of invisibility
 J - a potion of heal wounds {unknown}
 K - a potion of ambrosia {unknown}
 T - a potion of experience {unknown}


   Skills:
 + Level 3.9 Fighting
 - Level 2.0(3.8) Short Blades
 + Level 4.9(5.1) Long Blades
 + Level 4.1 Dodging
 + Level 10.7 Stealth
 + Level 9.0 Spellcasting
 + Level 7.9 Conjurations
 + Level 1.0 Summonings
 * Level 3.6 Translocations
 + Level 0.6 Fire Magic
 + Level 2.4 Air Magic
 + Level 7.3 Poison Magic
 + Level 1.1 Evocations


You had 15 spell levels left.
You knew the following spells:

 Your Spells              Type           Power      Damage    Failure   Level
a - Magic Dart            Conj           100%       1d8       1%          1
b - Mephitic Cloud        Conj/Pois/Air  37%        N/A       1%          3
c - Conjure Flame         Conj/Fire      30%        6-21      3%          3
d - Blink                 Tloc           52%        N/A       2%          2
e - Olgreb's Toxic Radia  Pois           44%        N/A       3%          4

Your spell library contained the following spells:

 Spells                   Type           Power      Damage    Failure   Level
 Freeze                   Ice            40%        1d6       6%          1
 Sting                    Tmut/Pois      100%       1d8       1%          1
 Poisonous Vapours        Pois/Air       64%        N/A       1%          2
 Slow                     Hex            40%        N/A       6%          1
 Call Imp                 Summ           15%        N/A       6%          2
 Ignite Poison            Fire/Tmut/Pois 22%        N/A       6%          3
 Ozocubu's Armour         Ice            10%        N/A       19%         3
 Freezing Cloud           Conj/Ice/Air   13%        6-21      38%         5
 Animate Dead             Necr           5%         N/A       52%         4
 Borgnjor's Vile Clutch   Necr/Erth      5%         N/A       86%         5
 Metabolic Englaciation   Hex/Ice        5%         N/A       86%         5
 Death Channel            Necr           5%         N/A       100%        6
 Simulacrum               Ice/Necr       5%         N/A       100%        6


Dungeon Overview and Level Annotations

Branches:
Dungeon (10/15)            Temple (1/1) D:7            Lair (0/6) D:10
 Bailey (visited)
    Orc: D:9-12

Altars:
Ashenzari
Dithmenos
Elyvilon
Gozag
Hepliaklqana
Kikubaaqudgha
Makhleb
Nemelex Xobeh
Okawaru
Qazlal
Ru
Uskayaw
Vehumet
Wu Jian
Yredelemnul
Zin
The Shining One

Annotations:
D:10 Gastronok


Innate Abilities, Weirdness & Mutations

Your serpentine skin is tough. (AC +3)
You have supernaturally acute eyesight. (SInv)
Armour fits poorly on your strangely shaped body.
Your system is resistant to poisons. (rPois)
You cover ground very slowly.
You can spit poison.
You have a snake-like lower body.


Message History

The vampire mosquito draws strength from your injuries!
Unknown command.
You barely miss the vampire mosquito.
The vampire mosquito is severely damaged.
The vampire mosquito barely misses you.
The vampire mosquito bites you but does no damage.
The vampire mosquito bites you!
* * * LOW HITPOINT WARNING * * *
The vampire mosquito draws strength from your injuries!
Your vampire gestures wildly while chanting.
Your vampire flickers and vanishes for a moment.
The vampire mosquito bites you.
* * * LOW HITPOINT WARNING * * *
The vampire mosquito draws strength from your injuries!
The vampire mosquito bites you but does no damage.
You hit the vampire mosquito.
The vampire mosquito is severely damaged.
The vampire mosquito bites you but does no damage. x2
Your vampire hits the vampire mosquito!
The vampire mosquito is destroyed!
Vehumet accepts your kill.
The vampire mosquito bites you but does no damage.
Unknown command.
You miss the vampire mosquito.
The vampire mosquito bites you but does no damage.
Your vampire misses the vampire mosquito.
Your vampire bites the vampire mosquito!
The vampire mosquito bites you.
* * * LOW HITPOINT WARNING * * *
The vampire mosquito draws strength from your injuries!
Your vampire hits the vampire mosquito.
Your vampire barely misses the vampire mosquito.
Unknown command.
You closely miss the vampire mosquito.
The vampire mosquito is heavily damaged.
The vampire mosquito bites you!
* * * LOW HITPOINT WARNING * * *
The vampire mosquito draws strength from your injuries!
The vampire mosquito bites you!
You die...

# #....####.....####. #
#....##.........##. #
######....#..y.....P..#. #
#.........y..P.......... #
#...............>....... #
#.......##..P......P.... #
#.......###..P.....P..#.
##########.....y.# ##.........##.
...............V@# ###.....####.
.................# #..........
.########.......(######..........
.# #....................#### .#
#....................#
.########..........########..#
...................# #..#
...................########..#
.............................####


You could see a vampire mosquito (ally target) and a friendly vampire (summoned,
invisible).

Vanquished Creatures
  A two-headed ogre (D:10)
  Pikel (D:5)
  An elephant (D:10)
  Maggie (D:9)
  A hornet (D:9)
  Prince Ribbit (D:7)
  Grinder (D:5)
  2 shadows
  2 vampires
  A basilisk (D:10)
  12 yaks (D:10)
  A wyvern (D:8)
  3 steam dragons
  2 water moccasins
  An acid dragon (D:10)
  A sky beast (D:6)
  Pargi (D:4)
  2 ice beasts (D:6)
  2 black bears
  8 orc warriors
  An ogre (D:5)
  A lemure (D:4)
  2 centaurs
  2 bullfrogs
  2 kobold brigands
  Blork the orc (D:6)
  2 necrophages
  2 gnoll sergeants
  4 scorpions
  5 wights (D:7)
  8 killer bees
  2 howler monkeys
  2 jellies
  3 hounds
  5 orc priests
  2 iguanas (D:6)
  8 orc wizards
  Ijyb (D:4)
  13 gnolls
  5 adders
  A white imp (D:6)
  An ufetubus (D:5)
  2 worms
  3 dart slugs
  26 orcs
  3 ball pythons
  9 endoplasms
  3 giant cockroaches
  5 goblins
  12 hobgoblins
  A jackal (D:1)
  27 kobolds
  9 quokkas
  3 bats
  5 frilled lizards
  9 rats
235 creatures vanquished.

Vanquished Creatures (collateral kills)
  2 vampire mosquitoes (D:10)
2 creatures vanquished.

Vanquished Creatures (others)
  3 fungi (D:6)
  2 plants
5 creatures vanquished.

Grand Total: 242 creatures vanquished

Notes
Turn   | Place    | Note
-------+----------+-------------------------------------------
     0 | D:1      | zazu2006 the Naga Hedge Wizard began the quest for the Orb.
     0 | D:1      | Reached XP level 1. HP: 15/15 MP: 4/4
   353 | D:1      | Reached XP level 2. HP: 24/24 MP: 0/6
   981 | D:1      | Reached XP level 3. HP: 26/30 MP: 1/8
   985 | D:1      | Learned a level 3 spell: Mephitic Cloud
   989 | D:1      | Learned a level 3 spell: Conjure Flame
   992 | D:1      | Learned a level 2 spell: Blink
  1937 | D:2      | Found a faded altar of an unknown god.
  2363 | D:2      | Reached XP level 4. HP: 32/37 MP: 4/9
  3086 | D:3      | Identified the +0 ring mail "Sinweim" {rCorr}
  3126 | D:3      | Reached XP level 5. HP: 38/43 MP: 7/11
  3860 | D:4      | Noticed Ijyb
  3861 | D:4      | Paralysed by Ijyb for 7 turns
  3875 | D:4      | Killed Ijyb
  3959 | D:4      | Noticed Pargi
  3968 | D:4      | Killed Pargi
  3969 | D:4      | Reached skill level 4 in Stealth
  3969 | D:4      | Reached XP level 6. HP: 49/50 MP: 11/13
  4049 | D:4      | Reached skill level 5 in Spellcasting
  4296 | D:5      | Entered Level 5 of the Dungeon
  4307 | D:5      | Reached skill level 1 in Fighting
  4307 | D:5      | Reached skill level 5 in Stealth
  4307 | D:5      | Reached XP level 7. HP: 57/57 MP: 12/14
  4479 | D:5      | Reached skill level 1 in Poison Magic
  4674 | D:5      | Reached skill level 6 in Stealth
  4740 | D:5      | Noticed Pikel
  4751 | D:5      | Killed Pikel
  4752 | D:5      | Reached skill level 1 in Short Blades
  4752 | D:5      | Reached skill level 5 in Conjurations
  4752 | D:5      | Reached XP level 8. HP: 55/64 MP: 14/17
  4842 | D:5      | Noticed Grinder
  4852 | D:5      | Killed Grinder
  5007 | D:6      | Reached skill level 7 in Stealth
  5007 | D:6      | Reached skill level 5 in Poison Magic
  5132 | D:6      | Reached XP level 9. HP: 73/73 MP: 7/18
  5215 | D:6      | Noticed Blork the orc
  5237 | D:6      | Reached skill level 1 in Evocations
  5269 | D:6      | Killed Blork the orc
  5662 | D:6      | Identified the +2 fustibalus "Danlail" {flame, Will+ Dex+2}
  6678 | D:7      | Reached skill level 8 in Stealth
  7017 | D:7      | Found a staircase to the Ecumenical Temple.
  7036 | D:7      | Noticed Prince Ribbit
  7047 | Temple   | Entered the Ecumenical Temple
  7308 | Temple   | Became a worshipper of Vehumet
  7336 | D:7      | Killed Prince Ribbit
  7337 | D:7      | Reached skill level 1 in Long Blades
  7340 | D:7      | Reached skill level 1 in Air Magic
  7346 | D:7      | Learned a level 4 spell: Olgreb's Toxic Radiance
  7629 | D:8      | Reached XP level 10. HP: 65/80 MP: 21/21
  7910 | D:8      | Found a flagged portal.
  7926 | D:8      | Identified the +5 hand axe of Doom {vorpal, rCorr Int+4}
  7930 | Bailey   | Entered a bailey
  8164 | Bailey   | Reached * piety under Vehumet
  8164 | Bailey   | Offered knowledge of Foxfire by Vehumet.
  9499 | D:9      | Reached skill level 9 in Stealth
  9680 | D:9      | Noticed Maggie
  9696 | D:9      | Killed Maggie
 10112 | D:9      | Reached ** piety under Vehumet
 10112 | D:9      | Offered knowledge of Freeze by Vehumet.
 10370 | D:9      | Found a glowing golden altar of the Shining One.
 10533 | D:10     | Entered Level 10 of the Dungeon
 10560 | D:10     | Noticed an elephant
 10774 | D:10     | Found a staircase to the Lair.
 10787 | D:10     | Reached XP level 11. HP: 89/90 MP: 21/23
 10883 | D:10     | Reached skill level 10 in Stealth
 11032 | D:10     | Noticed Gastronok
 11700 | D:10     | Noticed a two-headed ogre
 11716 | D:10     | Killed a two-headed ogre
 12144 | D:10     | Slain by a vampire mosquito

Illustrated notes

Levels and vault maps discovered:
D:1:      erik_arrival_cave_to_civilisation [erik_arrival_cave_to_temple],
          layout_loops_ring
D:2:      layout_basic, shapermc_ecumenical_altar_ellora, minmay_cut_off
D:3:      layout_loops_cross
D:4:      layout_cave_pools, uniq_pargi, uniq_ijyb
D:5:      layout_basic, uniq_pikel, uniq_grinder, uniq_menkaure
D:6:      layout_loops_cross, serial_aquarium, aquarium_bridge_square
          [aquarium_subvault_bridge, aquarium_subvault_wall,
          aquarium_subvault_bridge, aquarium_subvault_balcony],
          aquarium_window_2, aquarium_window_3, aquarium_view_2e,
          aquarium_view_2d, hangedman_decor_clover_reticule, uniq_blork_the_orc
D:7:      layout_basic, minmay_temple_entry_slanted, uniq_prince_ribbit1
D:8:      layout_basic, enter_bailey_2, chequers_jeans, nzn_life_drinkers
D:9:      nicolae_cairo_tiling_large, layout_rooms, tso_altar, uniq_maggie
D:10:     layout_small_grid, david_lair_generic, uniq_gastronok
Temple:   mainiacjoe_temple_circle_huts

Skill      XL: |  1  2  3  4  5  6  7  8  9 10 11 |
---------------+----------------------------------+-----
Conjurations   | 2 3 5 7 |  7.9
Spellcasting   | 4 5 6 7 8 9 |  9.0
Stealth        | 4 5 6 7 8 9 10 | 10.7
Dodging        | 2 3 4 |  4.1
Fighting       | 1 2 3 |  3.9
Poison Magic   | 3 5 6 7 |  7.3
Short Blades   | 1 2 |  2.0
Evocations     | 1 |  1.1
Long Blades    | 1 4 |  4.9
Air Magic      | 1 2 |  2.4
Translocations | 3 |  3.6
Summonings     | |  1.0
Fire Magic     | |  0.6

Action                   |  1- 3 |  4- 6 |  7- 9 | 10-12 || total
-------------------------+-------+-------+-------+-------++-------
Melee: Dagger            |    18 |    11 |    32 |       ||    61
       Punch             |       |       |     2 |     2 ||     4
       Falchion          |       |       |    26 |   256 ||   282
 Cast: Magic Dart        |   112 |   122 |   239 |    79 ||   552
       Mephitic Cloud    |       |       |    18 |    39 ||    57
       Conjure Flame     |       |       |     9 |     7 ||    16
       Olgreb's Toxic Ra |       |       |       |    20 ||    20
       Blink             |       |       |       |     1 ||     1
 Abil: Spit Poison       |    11 |    12 |    22 |     7 ||    52
Evoke: Wand              |       |     4 |     4 |     6 ||    14
  Use: Scroll            |       |     1 |       |    13 ||    14
       Potion            |       |       |     1 |     2 ||     3
 Stab: Paralysed         |       |     8 |     5 |    19 ||    32
       Confused          |       |       |     8 |    15 ||    23
       Sleeping          |       |       |     1 |     1 ||     2
Armor: Robe              |     8 |     6 |    23 |    49 ||    86
       Steam dragon scal |       |       |       |    79 ||    79
       Skin              |       |       |       |     1 ||     1
Dodge: Dodged            |    21 |    10 |    54 |   135 ||   220

Table legend: (Time is in decaauts)
 A = Elapsed time spent in this place.
 B = Non-inter-level travel time spent in this place.
 C = Inter-level travel time spent in this place.
 D = Time resting spent in this place.
 E = Time spent auto-exploring this place.
 F = Levels seen in this place.
 G = Mean time per level.
                   A        B        C        D        E       F      G
               +--------+--------+--------+--------+--------+-----+--------+
         Total |  14646 |  14163 |    483 |    951 |  10429 |  12 | 1220.5 |
       Dungeon |  13196 |  12728 |    468 |    680 |   9631 |  10 | 1319.6 |
        Temple |    352 |    337 |     15 |     62 |    234 |   1 |  352.0 |
        Bailey |   1097 |   1097 |      0 |    208 |    563 |   1 | 1097.0 |
               +--------+--------+--------+--------+--------+-----+--------+

Top non-repeatable levels by time:
     D:1: 2006 daAuts
    D:10: 1887 daAuts
     D:6: 1673 daAuts
     D:2: 1466 daAuts
     D:9: 1418 daAuts
     D:7: 1146 daAuts
     D:3: 1146 daAuts
  Bailey: 1097 daAuts
     D:8: 996 daAuts
     D:4: 734 daAuts
     D:5: 721 daAuts
  Temple: 352 daAuts
